 Dungeon Crawl Stone Soup version 0.28-a0-1629-gf728b707aa (webtiles) character file.

Game seed: 8715041453976760002

21136 Destapler the Fighter (level 12, -5/183 HPs)
             Began as a Troll Berserker on Jan 24, 2022.
             Was a Priest of Trog.
             Succumbed to a redback's poison
             ... on level 12 of the Dungeon.
             The game lasted 00:42:36 (11842 turns).

Destapler the Fighter (Troll Berserker)            Turns: 11842, Time: 00:42:36

Health: -5/183     AC: 16    Str: 36    XL:     12   Next: 51%
Magic:  2/11       EV:  9    Int:  3    God:    Trog [***...]
Gold:   829        SH: 10    Dex: 11    Spells: 11/11 levels left

rFire   . . .      SeeInvis +   a - +4 flail
rCold   . . .      Faith    .   H - +1 kite shield {rN+}
rNeg    + . .      Spirit   +   c - +5 acid dragon scales of Taxko {Fly rPois Regen+ rCorr}
rPois   +          Reflect  .   (helmet restricted)
rElec   .          Harm     .   y - +1 cloak
rCorr   +          Rampage  .   (gloves unavailable)
Will    .....                   (boots unavailable)
Stlth   ..........              f - amulet of guardian spirit
HPRegen 2.00/turn               o - ring of see invisible
MPRegen 0.12/turn               l - +6 ring of strength

@: berserking (expiring), lethally poisoned (-5 -> -90), flying, very quick
A: large, unfitting armour, claws 3, regeneration 1, shaggy fur 1, tough skin 1
a: Renounce Religion, Berserk, Trog's Hand


You were on level 12 of the Dungeon.
You worshipped Trog.
Trog was most pleased with you.
You visited 1 branch of the dungeon, and saw 14 of its levels.
You also visited: Bailey.

You collected 829 gold pieces.

Inventory:

Hand Weapons
 a - a +4 flail (weapon)
 b - a +2 falchion of holy wrath
 j - a +0 war axe of flaming
Missiles
 e - 6 large rocks (quivered)
 r - 4 throwing nets
Armour
 c - the +5 acid dragon scales of Taxko (worn) {Fly rPois Regen+ rCorr}
   (You acquired it on level 7 of the Dungeon)

   rPois:     It protects you from poison.
   Fly:       It grants you flight.
   Regen:     It increases your rate of health regeneration.
   rCorr:     It protects you from acid and corrosion.
 y - a +1 cloak (worn)
 H - a +1 kite shield of positive energy (worn)
Jewellery
 f - an amulet of guardian spirit (around neck)
 l - a +6 ring of strength (right claw)
 n - a +6 ring of dexterity
 o - a ring of see invisible (left claw)
 E - a ring of protection from cold
Wands
 v - a wand of iceblast (5)
 w - a wand of mindburst (3)
Scrolls
 d - a scroll of holy word
 h - 2 scrolls of vulnerability
 k - 13 scrolls of teleportation
 m - 4 scrolls of blinking
 p - 4 scrolls of magic mapping
 s - a scroll of enchant weapon
 t - a scroll of fog
 B - 2 scrolls of identify
Potions
 g - 2 potions of might
 i - 5 potions of curing
 q - a potion of mutation
 u - 2 potions of lignification
 x - 2 potions of heal wounds
 z - 3 potions of haste
 A - 2 potions of cancellation
 C - a potion of invisibility
 D - 3 potions of ambrosia
 F - a potion of attraction


   Skills:
 + Level 8.8 Fighting
 - Level 5.0 Long Blades
 - Level 6.1(7.3) Axes
 + Level 6.8(8.1) Maces & Flails
 - Level 6.0 Throwing
 - Level 5.0 Armour
 - Level 5.0 Dodging
 * Level 6.4 Shields
 - Level 5.0 Evocations


You had 11 spell levels left.
You didn't know any spells.
Your spell library contained the following spells:

 Spells                   Type           Power      Damage    Failure   Level
 Animate Skeleton         Necr           0%         N/A       83%         1
 Apportation              Tloc           0%         N/A       83%         1
 Freeze                   Ice            0%         1d3       83%         1
 Magic Dart               Conj           0%         1d3       83%         1
 Sandblast                Erth           0%         2d4       83%         1
 Sting                    Tmut/Pois      0%         1d3       83%         1
 Summon Small Mammal      Summ           0%         N/A       83%         1
 Ensorcelled Hibernation  Hex/Ice        0%         N/A       92%         2
 Passwall                 Tmut/Erth      0%         N/A       92%         2
 Poisonous Vapours        Pois/Air       0%         N/A       92%         2
 Sublimation of Blood     Necr           0%         N/A       92%         2
 Wereblood                Tmut           0%         N/A       92%         2
 Dazzling Flash           Conj/Hex       0%         N/A       99%         3
 Frozen Ramparts          Ice            0%         1d2       99%         3
 Ignite Poison            Fire/Tmut/Pois 0%         N/A       99%         3
 Mephitic Cloud           Conj/Pois/Air  0%         N/A       99%         3
 Stone Arrow              Conj/Erth      0%         3d7       99%         3
 Tukima's Dance           Hex            0%         N/A       99%         3
 Anguish                  Hex/Necr       0%         N/A       100%        4
 Animate Armour           Summ/Erth      0%         N/A       100%        4
 Hailstorm                Conj/Ice       0%         3d3       100%        4
 Ice Form                 Ice/Tmut       0%         N/A       100%        4
 Olgreb's Toxic Radiance  Pois           0%         N/A       100%        4
 Summon Ice Beast         Ice/Summ       0%         N/A       100%        4
 Freezing Cloud           Conj/Ice/Air   0%         6-21      100%        5
 Summon Forest            Summ/Tloc      0%         N/A       100%        5
 Dispersal                Tloc           0%         N/A       100%        6
 Enfeeble                 Hex            0%         N/A       100%        7
 Summon Hydra             Summ           0%         N/A       100%        7
 Disjunction              Tloc           0%         N/A       100%        8
 Lehudib's Crystal Spear  Conj/Erth      0%         10d2      100%        8


Dungeon Overview and Level Annotations

Branches:
Dungeon (14/15)            Temple (0/1) D:5            Lair (0/6) D:9
    Orc (0/2) D:9          Bailey (visited)
 Vaults: D:13-14

Altars:
Ashenzari
Elyvilon
Fedhas
Gozag
Hepliaklqana
Okawaru
Ru
Sif Muna
Trog
Uskayaw
Vehumet
Wu Jian
Xom
Zin

Annotations:
D:12 1 runed translucent door


Innate Abilities, Weirdness & Mutations

You are too large for most types of armour.
You have claws for hands.
Your natural rate of healing is unusually fast.
You are covered in fur. (AC +1)
You have tough skin. (AC +1)


Message History

You feel extremely sick.
The redback bites you but does no damage. x2
The redback bites you. x2; The redback closely misses you.
The redback bites you!
* * * LOW HITPOINT WARNING * * *
The redback barely misses you.
You miss the redback.
You feel extremely sick. The redback closely misses you.
The redback barely misses you. The redback bites you.
* * * LOW HITPOINT WARNING * * *
The redback bites you but does no damage. x2
The redback barely misses you. You block the redback's attack.
You hit the redback.
The redback is moderately wounded.
You feel extremely sick.
The redback barely misses you. x2; You block the redback's attack.
The redback bites you!
* * * LOW HITPOINT WARNING * * *
The redback bites you but does no damage.
The redback bites you.
* * * LOW HITPOINT WARNING * * *
You are lethally poisoned!
The redback poisons you! The redback bites you.
* * * LOW HITPOINT WARNING * * *
You block the redback's attack. The redback bites you.
* * * LOW HITPOINT WARNING * * *
You are more poisoned.
The redback poisons you! The redback barely misses you. x2
Unknown command.
You are too berserk!
* * * LOW HITPOINT WARNING * * *
You feel extremely sick. The redback bites you.
* * * LOW HITPOINT WARNING * * *
You block the redback's attack. The redback bites you!
* * * LOW HITPOINT WARNING * * *
Unknown command.
You feel a strong urge to attack something.
You die...

......#..................#
......#..................#
......#..................#
......+..................#
##''###............#####.#
................####...#.#
..[.............#...>..#.#
................#ss....'.#
................@..s...#.#
..............).sss....#.#
###....########...s....')#
..######......#..#.....#.#
..............#..#.....#.#
..............#..#######.#
..(...........#..........#
..#########...#..........#
..# #...#..........######


You could see 7 redbacks.

Vanquished Creatures
  A boulder beetle (D:13)
  2 hydras
  The ghost of Luph the Covert, a journeyman SpEn of Dithmenos (D:12)
  A centaur warrior (D:13)
  A tengu warrior (D:10)
  3 two-headed ogres
  A death knight (D:12)
  2 manticores
  3 centaur zombies
  2 cyclopes
  2 gargoyles (D:12)
  A freezing wraith (D:14)
  A komodo dragon (D:10)
  A hornet (D:10)
  3 meliai
  2 trolls (D:10)
  3 slime creatures (D:12)
  A vampire (D:13)
  A ynoxinul (D:10)
  A wraith (D:13)
  2 shadows (D:10)
  7 spriggans (Bailey)
  15 yaks
  The ghost of caleiya the Chopper, an amateur MiFi (D:3)
  A redback (D:12)
  A steam dragon (D:8)
  9 vampire mosquitoes
  2 acid dragons
  2 black bears
  An ice beast (D:7)
  A sky beast (D:7)
  3 orc warriors
  5 ogres (Bailey)
  A necrophage (D:8)
  14 centaurs
  3 kobold brigands
  A phantom (D:7)
  6 bullfrogs
  3 scorpions
  A water moccasin skeleton (D:6)
  10 killer bees
  7 wights
  2 howler monkeys (D:13)
  An electric eel (D:9)
  3 quasits (D:3)
  A bullfrog zombie (D:6)
  2 hounds
  A bullfrog skeleton (D:6)
  4 orc priests
  A centaur skeleton (D:7)
  2 jellies
  A gnoll shaman (D:8)
  5 orc wizards
  2 iguanas
  Robin (D:2)
  4 gnolls (D:8)
  A howler monkey zombie (D:8)
  A howler monkey skeleton (D:5)
  5 adders
  3 white imps
  An ufetubus (D:5)
  An adder skeleton (D:4)
  2 worms
  12 dart slugs
  29 orcs
  7 bats (D:1)
  5 endoplasms
  3 giant cockroaches
  14 hobgoblins
  4 quokkas
  7 ball pythons
  A frilled lizard (D:1)
  13 goblins
  14 kobolds
  3 rats
285 creatures vanquished.

Vanquished Creatures (others)
  An orc warrior (D:8)
  A black bear (D:8)
  A centaur (D:8)
  2 fungi (D:5)
  8 plants
  2 withered plants (D:12)
15 creatures vanquished.

Grand Total: 300 creatures vanquished

Notes
Turn   | Place    | Note
-------+----------+-------------------------------------------
     0 | D:1      | Destapler the Troll Berserker began the quest for the Orb.
     0 | D:1      | Reached XP level 1. HP: 22/22 MP: 0/0
   112 | D:1      | Reached XP level 2. HP: 26/29 MP: 1/1
   190 | D:1      | Found a faded altar of an unknown god.
   968 | D:1      | Reached XP level 3. HP: 36/36 MP: 2/2
  1063 | D:2      | Reached ** piety under Trog
  1153 | D:2      | Reached skill level 1 in Axes
  1153 | D:2      | Reached skill level 1 in Armour
  1183 | D:2      | Reached XP level 4. HP: 44/44 MP: 3/3
  1340 | D:2      | Noticed Robin
  1349 | D:2      | Killed Robin
  1350 | D:2      | Reached skill level 3 in Fighting
  1733 | D:3      | Found a transporter.
  1734 | D:3      | Noticed caleiya's ghost (amateur MiFi)
  1748 | D:3      | Found a transporter.
  1809 | D:3      | Reached XP level 5. HP: 38/53 MP: 4/4
  1887 | D:3      | Reached *** piety under Trog
  1897 | D:3      | Found an iron altar of Okawaru.
  2039 | D:3      | Found a white marble altar of Elyvilon.
  2336 | D:3      | Killed caleiya's ghost
  2337 | D:3      | Reached XP level 6. HP: 32/62 MP: 5/5
  2452 | D:4      | Reached skill level 4 in Fighting
  2607 | D:4      | You fall into a shaft and drop 2 floors!
  2674 | D:6      | Reached XP level 7. HP: 46/70 MP: 6/6
  2816 | D:5      | Entered Level 5 of the Dungeon
  3540 | D:5      | Found a hazy altar of Hepliaklqana.
  3680 | D:5      | Found a sacrificial altar of Ru.
  3749 | D:5      | Reached skill level 5 in Fighting
  3771 | D:5      | Found a staircase to the Ecumenical Temple.
  4008 | D:6      | Reached XP level 8. HP: 55/80 MP: 7/7
  4234 | D:6      | Reached skill level 1 in Long Blades
  4234 | D:6      | Reached skill level 1 in Evocations
  4383 | D:6      | Found a hide-covered altar of Uskayaw.
  4594 | D:7      | Identified a scroll of acquirement
  4594 | D:7      | Acquired the +5 acid dragon scales of Taxko {Fly rPois
                  | Regen+ rCorr}
  4649 | D:7      | Found a flagged portal.
  4656 | D:7      | Reached **** piety under Trog
  4664 | Bailey   | Entered a bailey
  4690 | Bailey   | Reached XP level 9. HP: 17/88 MP: 8/8
  4824 | Bailey   | Reached skill level 6 in Fighting
  4998 | Bailey   | Noticed a two-headed ogre
  5007 | Bailey   | Killed a two-headed ogre
  5008 | Bailey   | Reached XP level 10. HP: 100/100 MP: 9/9
  5255 | D:7      | Reached skill level 5 in Armour
  5255 | D:7      | Reached skill level 5 in Dodging
  5496 | D:7      | Found an ornate altar of the Wu Jian Council.
  6356 | D:8      | Found a glowing silver altar of Zin.
  6524 | D:8      | Found an opulent altar of Gozag.
  6854 | D:8      | Found a shimmering altar of Xom.
  7216 | D:9      | Found a staircase to the Lair.
  7238 | D:9      | Reached skill level 1 in Throwing
  7284 | D:9      | Noticed a two-headed ogre
  7295 | D:9      | Killed a two-headed ogre
  7296 | D:9      | Reached skill level 7 in Fighting
  7397 | D:9      | Found a broken altar of Ashenzari.
  7398 | D:9      | Found a radiant altar of Vehumet.
  7407 | D:9      | Found a staircase to the Orcish Mines.
  7790 | D:9      | Found a blossoming altar of Fedhas.
  7938 | D:9      | Got the Grimoire of Glacial Companions
  7985 | D:10     | Entered Level 10 of the Dungeon
  8176 | D:10     | Reached skill level 5 in Long Blades
  8176 | D:10     | Reached XP level 11. HP: 87/109 MP: 10/10
  8447 | D:10     | Noticed a tengu warrior
  8479 | D:10     | Killed a tengu warrior
  8576 | D:10     | Found a bloodstained altar of Trog.
  8582 | D:10     | Found a shimmering blue altar of Sif Muna.
  8604 | D:10     | Got Sif Muna's Volume of Arcane Weapons
  8805 | D:10     | Reached skill level 1 in Shields
  9106 | D:11     | Reached skill level 5 in Evocations
  9146 | D:11     | Noticed a five-headed hydra
  9152 | D:11     | Reached skill level 5 in Maces & Flails
  9152 | D:11     | Reached skill level 5 in Throwing
  9157 | D:11     | Killed a one-headed hydra
  9872 | D:12     | Noticed a two-headed ogre
  9883 | D:12     | Killed a two-headed ogre
  9950 | D:12     | Reached skill level 8 in Fighting
 10094 | D:12     | Reached XP level 12. HP: 56/119 MP: 11/11
 10165 | D:12     | Noticed a four-headed hydra
 10170 | D:12     | Killed a three-headed hydra
 10226 | D:12     | Found a runed translucent door.
 10362 | D:12     | Found a runed translucent door.
 10362 | D:12     | Noticed Luph's ghost (journeyman SpEn)
 10390 | D:12     | Killed Luph's ghost
 10485 | D:12     | Reached skill level 5 in Shields
 10560 | D:12     | Found a hide-covered altar of Uskayaw.
 11122 | D:13     | Noticed a centaur warrior
 11138 | D:13     | Killed a centaur warrior
 11373 | D:13     | Noticed a boulder beetle
 11393 | D:13     | Killed a boulder beetle
 11644 | D:14     | Noticed a death knight
 11825 | D:12     | Killed a death knight
 11842 | D:12     | Succumbed to a redback's poison

Illustrated notes

Levels and vault maps discovered:
D:1:      dpeg_arrival_tiny_a, layout_basic, shapermc_ecumenical_altar_ellora,
          nicolae_concentric_dashed_squares_wild, minmay_octomino_e4
D:2:      layout_loops_ring, uniq_robin
D:3:      cheibrodos_old_hovel, layout_loops_ring, okawaru_metal_pillars_1_2,
          elyvilon_altar_5, gammafunk_ghost_stat_death
D:4:      kennysheep_slugbush, layout_basic
D:5:      layout_rooms, nicolae_ru_the_path_less_chosen,
          nicolae_hepliaklqana_hazy_memory, minmay_temple_entry_nine_rooms,
          kennysheep_generic_room_4
D:6:      layout_basic, nicolae_uskayaw_suspiria
D:7:      layout_basic, pdpol_wu_jian_five_deadly_venoms, enter_bailey_3
D:8:      layout_loops_ring, zin_statuary, xom_confusion_cloud,
          nicolae_gozag_cash_rules_everything_around_me, corexii_hall_statues_x
D:9:      layout_long_grid, fedhas_altar_4, nicolae_overflow_squiral,
          lair_entry_dummy, orc_0_dummy
D:10:     layout_gridville, nzn_overflow_gifts_of_might_and_magic,
          serial_rivers, chequers_serial_rivers_micro_a,
          chequers_serial_rivers_small_a, chequers_serial_rivers_room_a,
          chequers_serial_rivers_small_3, chequers_serial_rivers_room_b,
          chequers_serial_rivers_room_a, kennysheep_generic_room_10
D:11:     layout_long_grid
D:12:     layout_irregular_city, gammafunk_ghost_grave, drop_trap,
          nicolae_danse_macabre
D:13:     layout_basic
D:14:     layout_basic, ximxim_vaults_locker_room, small_chamber_with_monster,
          blue_anna_alchemist, uniq_jorgrun, uniq_azrael, uniq_snorg

Skill      XL: |  1  2  3  4  5  6  7  8  9 10 11 12 |
---------------+-------------------------------------+-----
Axes           | 1 2 3 6 |  6.1
Armour         | 1 2 3 4 5 |  5.0
Fighting       | 3 4 5 6 7 8 |  8.8
Dodging        | 3 4 5 |  5.0
Long Blades    | 2 3 5 |  5.0
Evocations     | 1 3 4 5 |  5.0
Maces & Flails | 4 5 6 |  6.8
Throwing       | 3 6 |  6.0
Shields        | 4 6 |  6.4

Action                   |  1- 3 |  4- 6 |  7- 9 | 10-12 || total
-------------------------+-------+-------+-------+-------++-------
Melee: Unarmed           |    16 |       |       |       ||    16
       Hand axe          |    73 |   113 |   217 |    81 ||   484
       Falchion          |       |       |    21 |    38 ||    59
       Punch             |       |       |     3 |     8 ||    11
       Flail             |       |       |       |   648 ||   648
       War axe           |       |       |       |    13 ||    13
Throw: Large rock        |       |       |       |    33 ||    33
Invok: Berserk           |       |     3 |     8 |    16 ||    27
       Trog's Hand       |       |       |     2 |     4 ||     6
Evoke: Wand              |       |       |     1 |     2 ||     3
  Use: Scroll            |       |       |    11 |    15 ||    26
       Potion            |       |       |     2 |       ||     2
 Stab: Sleeping          |       |       |     2 |       ||     2
Armor: Animal skin       |    54 |    51 |    67 |       ||   172
       Acid dragon scale |       |       |    62 |   453 ||   515
Dodge: Dodged            |    70 |    66 |   163 |   509 ||   808
Block: Kite shield       |       |       |       |   245 ||   245

Table legend: (Time is in decaauts)
 A = Elapsed time spent in this place.
 B = Non-inter-level travel time spent in this place.
 C = Inter-level travel time spent in this place.
 D = Time resting spent in this place.
 E = Time spent auto-exploring this place.
 F = Levels seen in this place.
 G = Mean time per level.
                   A        B        C        D        E       F      G
               +--------+--------+--------+--------+--------+-----+--------+
         Total |  12243 |  11555 |    688 |    777 |   7835 |  15 |  816.2 |
       Dungeon |  11838 |  11150 |    688 |    686 |   7750 |  14 |  845.6 |
        Bailey |    404 |    404 |      0 |     91 |     85 |   1 |  404.0 |
               +--------+--------+--------+--------+--------+-----+--------+

Top non-repeatable levels by time:
     D:7: 1175 daAuts
    D:13: 1074 daAuts
     D:1: 1071 daAuts
    D:10: 1008 daAuts
    D:12: 959 daAuts
     D:9: 880 daAuts
    D:11: 867 daAuts
     D:8: 854 daAuts
     D:6: 842 daAuts
     D:3: 834 daAuts
     D:4: 831 daAuts
     D:5: 738 daAuts
     D:2: 653 daAuts
  Bailey: 404 daAuts
    D:14: 46 daAuts
